 Dungeon Crawl Stone Soup version 0.30-a0-424-g7412bad402 (console) character file.

Game seed: 6183115370579534563

1618 Ignak the Trooper (level 8, -11/83 HPs)
             Began as an Ogre Hedge Wizard on Dec 9, 2022.
             Was a Follower of Okawaru.
             Mangled by a two-headed ogre
             ... wielding a +0 giant club
              (17 damage)
             ... on level 6 of the Dungeon.
             The game lasted 00:18:17 (7371 turns).

Ignak the Trooper (Ogre Hedge Wizard)               Turns: 7371, Time: 00:18:18

Health: -11/83     AC:  7    Str: 17    XL:     8   Next: 96%
Magic:  2/15       EV: 14    Int: 15    God:    Okawaru [*.....]
Gold:   328        SH:  0    Dex:  8    Spells: 6/17 levels left

rFire   . . .      SeeInvis .    a - +2 hand axe (flame)
rCold   . . .      Faith    +    (no shield)
rNeg    . . .      Spirit   .    o - +0 robe
rPois   .          Reflect  .    (helmet currently unavailable)
rElec   .          Harm     .    (no cloak)
rCorr   .          Rampage  .    (gloves unavailable)
Will    .....                    (boots unavailable)
Stlth   +.........               l - amulet of faith
HPRegen 0.33/turn                t - +4 ring of protection
MPRegen 0.14/turn                v - +4 ring of evasion

@: appendages, on blink cooldown
A: horns 2, talons 2, large, unfitting armour, tough skin 1
a: End Transformation, Renounce Religion, Heroism


You were on level 6 of the Dungeon.
You worshipped Okawaru.
Okawaru was aware of your devotion.
You had temporarily grown beastly horns and talons.
You visited 2 branches of the dungeon, and saw 7 of its levels.
You also visited: Ossuary.

You collected 328 gold pieces.

Inventory:

Hand Weapons
 a - a +2 hand axe of flaming (weapon)
 b - a +3 dagger of venom
 F - a +0 war axe
Missiles
 h - 3 poisoned darts (quivered)
Armour
 c - a +0 hat (melded)
 o - a +0 robe (worn)
Jewellery
 l - an amulet of faith (around neck)
 t - a +4 ring of protection (left hand)
 v - a +4 ring of evasion (right hand)
 D - a ring of poison resistance
 E - an amulet of magic regeneration
Wands
 e - a wand of flame (5)
 A - a wand of roots (5)
 B - a wand of mindburst (8)
Scrolls
 j - 2 scrolls of identify
 n - 2 scrolls of butterflies
 p - 4 scrolls of teleportation
 r - a scroll of silence
 u - a scroll of magic mapping
 y - a scroll of blinking {unknown}
 C - a scroll of amnesia
Potions
 d - 4 potions of mutation {unknown}
 f - 2 potions of attraction {unknown}
 g - a potion of haste
 i - a potion of flight {unknown}
 k - 2 potions of brilliance
 m - a potion of resistance {unknown}
 q - a potion of might
 s - 3 potions of curing
 w - a potion of invisibility {unknown}
 x - a potion of ambrosia {unknown}


   Skills:
 * Level 6.0 Fighting
 * Level 3.9(4.1) Axes
 - Level 1.3(2.6) Maces & Flails
 + Level 2.8 Throwing
 + Level 2.5 Armour
 + Level 3.4 Dodging
 - Level 1.5 Stealth
 - Level 1.0 Unarmed Combat
 + Level 5.1 Spellcasting
 - Level 2.0 Conjurations
 - Level 2.0 Summonings
 - Level 2.0 Translocations
 * Level 3.4 Transmutations


You had 6 spell levels left.
You knew the following spells:

 Your Spells              Type           Power      Damage    Failure   Level
a - Magic Dart            Conj           36%        1d4       7%          1
b - Blink                 Tloc           18%        N/A       11%         2
d - Mephitic Cloud        Conj/Pois/Air  5%         N/A       36%         3
e - Call Imp              Summ           9%         N/A       11%         2
x - Wereblood             Tmut           14%        N/A       6%          2
z - Beastly Appendage     Tmut           28%        N/A       4%          1

Your spell library contained the following spells:

 Spells                   Type           Power      Damage    Failure   Level
 Slow                     Hex            12%        N/A       16%         1
 Cigotuvi's Dreadful Rot  Necr/Pois/Air  6%         N/A       24%         2
 Spider Form              Tmut/Pois      8%         N/A       24%         3
 Dazzling Flash           Conj/Hex       12%        N/A       32%         3
 Iskenderun's Mystic Bla  Conj/Tloc      9%         2d4       56%         4
 Passage of Golubria      Tloc           9%         N/A       56%         4
 Silence                  Hex/Air        1%         N/A       99%         5
 Starburst                Conj/Fire      3%         6d3       100%        6
 Lehudib's Crystal Spear  Conj/Erth      3%         10d2      100%        8
 Summon Ice Beast         Ice/Summ       Unusable   N/A       N/A         4
 Summon Mana Viper        Hex/Summ       Unusable   N/A       N/A         5
 Monstrous Menagerie      Summ           Unusable   N/A       N/A         7

Dungeon Overview and Level Annotations

Branches:
Dungeon (6/15)             Temple (1/1) D:6         Ossuary (visited)

Altars:
Ashenzari
Dithmenos
Elyvilon
Fedhas
Gozag
Makhleb
Okawaru
Ru
Trog
Uskayaw
Vehumet
Wu Jian
Xom
Zin

Shops:
D:6 (

Annotations:
D:3 2 transporters, Deveroux's ghost, amateur HuWn


Innate Abilities, Weirdness & Mutations

You have temporarily grown beastly horns and talons.
You are too large for most types of armour.
You have tough skin. (AC +1)


Message History

The two-headed ogre closely misses you.
The two-headed ogre hits you with a +0 giant club!!
* * * LOW HITPOINT WARNING * * *
Casting: Mephitic Cloud (dangerous; 36% risk of failure)
Confirm with . or Enter, or press ? or * to list all spells.
You blink.
Casting: Blink (safe; 11% risk of failure)
Confirm with . or Enter, or press ? or * to list all spells.
Aiming: Mephitic Cloud (dangerous; 36% risk of failure)
Press: ? - help, Shift-Dir - straight line, f/p - two-headed ogre
Aim: a two-headed ogre, wielding two +0 giant clubs (severely wounded, chance to affect: 53%)
The ball explodes into a vile cloud!
The stinking cloud engulfs the two-headed ogre but does no damage.
The two-headed ogre is severely wounded.
You hear a shout!
The two-headed ogre is engulfed in noxious fumes.
Casting: Mephitic Cloud (dangerous; 36% risk of failure)
Confirm with . or Enter, or press ? or * to list all spells.
You grow a pair of large bovine horns.
Your feet morph into talons.
Your +0 hat melds into your body.
The two-headed ogre is engulfed in noxious fumes.
Casting: Beastly Appendage (safe; 4% risk of failure)
Confirm with . or Enter, or press ? or * to list all spells.
Aiming: Mephitic Cloud (dangerous; 36% risk of failure)
Press: ? - help, Shift-Dir - straight line, f/p - two-headed ogre
Aim: a two-headed ogre, wielding two +0 giant clubs (severely wounded, chance to affect: 53%)
The ball explodes into a vile cloud!
The stinking cloud engulfs the two-headed ogre but does no damage.
The two-headed ogre is severely wounded.
You hear a shout!
The two-headed ogre is engulfed in noxious fumes.
Casting: Mephitic Cloud (dangerous; 36% risk of failure)
Confirm with . or Enter, or press ? or * to list all spells.
You don't know that spell.
You hit the two-headed ogre. You burn the two-headed ogre.
The two-headed ogre is almost dead.
The two-headed ogre is engulfed in noxious fumes.
The two-headed ogre barely misses you.
The two-headed ogre hits you with a +0 giant club!
You die...

............###
###...####..# #
#..## #..## ###..8#
#..[# .....## ##..#
.....# #..#
.....######..#####
..#..8#........○.#
.....##.......○O@#
#....##......°.○.#
#.#..##...........#
..#...###...#####.#
###..## #.... .#
#...# #..$#. ..
#...## ##...?# ..
#...8# #... . ###
#...## .......


You could see a two-headed ogre.

Vanquished Creatures
  Grinder (D:5)
  Menkaure (D:4)
  A black bear (D:6)
  2 ogres
  A bullfrog (D:6)
  A gnoll sergeant (D:6)
  4 necrophages
  3 orc priests
  2 orc wizards
  3 mummies (Ossuary)
  9 gnolls
  3 adders
  A white imp (D:3)
  3 adder zombies (Ossuary)
  A worm (D:2)
  3 dart slugs
  23 orcs
  6 ball pythons
  3 endoplasms
  3 giant cockroaches
  A gnoll zombie (Ossuary)
  3 goblins
  5 hobgoblins
  5 jackals (D:1)
  8 kobolds
  3 quokkas
  6 bats
  3 frilled lizards
  A goblin zombie (Ossuary)
  2 hobgoblin zombies (Ossuary)
  2 kobold zombies (Ossuary)
  2 quokka zombies (Ossuary)
  4 rats
  2 rat zombies (Ossuary)
121 creatures vanquished.

Vanquished Creatures (collateral kills)
  A kobold brigand (D:3)
  An elf zombie (Ossuary)
  A hound (D:4)
  An orc wizard (D:3)
  A gnoll (D:4)
  An adder (D:2)
  An adder zombie (Ossuary)
  3 orcs
  A hobgoblin (D:1)
  3 jackals (D:1)
  A bat (D:1)
  A goblin zombie (Ossuary)
  2 quokka zombies (Ossuary)
18 creatures vanquished.

Vanquished Creatures (others)
  5 plants (D:5)
5 creatures vanquished.

Grand Total: 144 creatures vanquished

Notes
Turn   | Place    | Note
-------+----------+-------------------------------------------
     0 | D:1      | Ignak the Ogre Hedge Wizard began the quest for the Orb.
     0 | D:1      | Reached XP level 1. HP: 16/16 MP: 5/5
    84 | D:1      | Reached skill level 1 in Conjurations
    84 | D:1      | Reached skill level 1 in Summonings
    84 | D:1      | Reached skill level 1 in Translocations
   102 | D:1      | Reached XP level 2. HP: 11/24 MP: 2/6
   206 | D:1      | Learned a level 2 spell: Call Imp
   476 | D:1      | Reached XP level 3. HP: 29/32 MP: 8/8
   554 | D:1      | Reached skill level 1 in Fighting
  1588 | D:2      | Learned a level 2 spell: Blink
  1592 | D:2      | Learned a level 3 spell: Mephitic Cloud
  1712 | D:2      | Reached XP level 4. HP: 27/41 MP: 9/9
  2036 | D:3      | Noticed a kobold brigand
  2045 | D:3      | Killed a kobold brigand
  2046 | D:3      | Reached skill level 2 in Fighting
  2046 | D:3      | Reached skill level 1 in Maces & Flails
  2046 | D:3      | Reached skill level 1 in Armour
  2046 | D:3      | Reached XP level 5. HP: 28/49 MP: 7/11
  2309 | D:3      | Found a transporter.
  2373 | D:3      | Found a transporter.
  2375 | D:3      | Noticed Deveroux's ghost (amateur HuWn)
  2502 | D:3      | Found a bloodstained altar of Trog.
  2864 | D:3      | Reached skill level 1 in Throwing
  3232 | D:4      | Learned a level 2 spell: Wereblood
  3234 | D:4      | Learned a level 1 spell: Beastly Appendage
  3242 | D:4      | Found a sand-covered staircase.
  3296 | Ossuary  | Entered an ossuary
  3320 | Ossuary  | HP: 2/50 [mummy (14)]
  3333 | Ossuary  | Reached XP level 6. HP: 7/59 MP: 2/12
  3562 | Ossuary  | Reached skill level 1 in Axes
  3644 | Ossuary  | Reached skill level 3 in Fighting
  3976 | D:4      | Noticed Menkaure
  4306 | D:4      | Killed Menkaure
  4307 | D:4      | Reached skill level 1 in Transmutations
  4307 | D:4      | Reached XP level 7. HP: 32/68 MP: 11/13
  5242 | D:5      | Entered Level 5 of the Dungeon
  5292 | D:5      | Reached skill level 4 in Fighting
  5622 | D:5      | Found an ornate altar of the Wu Jian Council.
  5627 | D:5      | Noticed a spectral centipede
  5627 | D:5      | Noticed a spectral black mamba
  5627 | D:5      | Noticed a spectral cane toad
  5805 | D:5      | Noticed Grinder
  5822 | D:5      | Killed Grinder
  5823 | D:5      | Reached XP level 8. HP: 57/79 MP: 10/15
  5919 | D:5      | Found a radiant altar of Vehumet.
  6048 | D:5      | Reached skill level 5 in Fighting
  6804 | D:6      | Reached skill level 1 in Unarmed Combat
  6827 | D:6      | Found a staircase to the Ecumenical Temple.
  6846 | Temple   | Entered the Ecumenical Temple
  6855 | Temple   | Became a worshipper of Warmaster Okawaru
  7112 | D:6      | Found Neclel's Weapon Shoppe.
  7118 | D:6      | Reached skill level 5 in Spellcasting
  7130 | D:6      | Reached * piety under Okawaru
  7151 | D:6      | Reached skill level 6 in Fighting
  7352 | D:6      | Noticed a two-headed ogre
  7366 | D:6      | HP: 4/83 [two-headed ogre/+0 giant club (24)]
  7371 | D:6      | Mangled by a two-headed ogre

Illustrated notes

Levels and vault maps discovered:
D:1:      beargit_arrival_diablo_church, layout_loops_ring,
          grunt_decor_resistance, minmay_pentomino_q2
D:2:      layout_loops_cross
D:3:      layout_loops_ring, trog_three_pillars_becter,
          gammafunk_ghost_mausoleum
D:4:      layout_loops_ring, enter_ossuary_1, kennysheep_small_spiral,
          uniq_menkaure
D:5:      layout_rooms, vehumet_crystals, pdpol_wu_jian_five_deadly_venoms,
          serial_bayou, serial_bayou_lagoon_a, serial_bayou_crossing,
          serial_bayou_pond_d, serial_bayou_pond_b, uniq_grinder
D:6:      layout_rooms, minmay_temple_entry_tees, serial_corexii_hall,
          corexii_hall_statues_s, chequers_hall_statues_corner_a,
          chequers_hall_statues_wall_a, corexii_hall_statues_deadend,
          serial_shops, nicolae_shop_temple_entry_statues_fountains,
          nicolae_shop_bloodbath_and_beyond
Temple:   nicolae_temple_ecumenical_triangle

Skill      XL: |  1  2  3  4  5  6  7  8 |
---------------+-------------------------+-----
Conjurations   | 1 2 |  2.0
Summonings     | 1 2 |  2.0
Translocations | 1 2 |  2.0
Dodging        | 2 3 |  3.4
Fighting       | 1 2 3 4 6 |  6.0
Maces & Flails | 1 |  1.3
Armour         | 1 2 |  2.5
Spellcasting   | 4 5 |  5.1
Throwing       | 1 2 |  2.8
Axes           | 1 2 3 |  3.9
Transmutations | 1 2 3 |  3.4
Unarmed Combat | 1 |  1.0
Stealth        | |  1.5

Action                   |  1- 3 |  4- 6 |  7- 9 || total
-------------------------+-------+-------+-------++-------
Melee: Dagger            |    24 |       |    14 ||    38
       Punch             |     1 |     2 |     5 ||     8
       Club              |   119 |       |       ||   119
       Mace              |    13 |    35 |       ||    48
       War axe           |       |   118 |   132 ||   250
       Short sword       |       |    10 |    12 ||    22
       Kick              |       |       |    23 ||    23
       Headbutt          |       |       |    15 ||    15
       Hand axe          |       |       |    34 ||    34
Throw: Dart              |       |     3 |     3 ||     6
 Cast: Magic Dart        |     8 |     2 |       ||    10
       Call Imp          |     3 |    22 |     7 ||    32
       Beastly Appendage |       |     1 |    13 ||    14
       Blink             |       |     1 |     1 ||     2
       Wereblood         |       |       |    10 ||    10
       Mephitic Cloud    |       |       |     4 ||     4
  Use: Scroll            |       |     9 |       ||     9
       Potion            |       |     2 |     3 ||     5
 Stab: Sleeping          |     3 |       |       ||     3
       Distracted        |     1 |     1 |       ||     2
Armor: Robe              |    65 |    62 |    62 ||   189
Dodge: Dodged            |   103 |    98 |   163 ||   364

Table legend: (Time is in decaauts)
 A = Elapsed time spent in this place.
 B = Non-inter-level travel time spent in this place.
 C = Inter-level travel time spent in this place.
 D = Time resting spent in this place.
 E = Time spent auto-exploring this place.
 F = Levels seen in this place.
 G = Mean time per level.
                   A        B        C        D        E       F      G
               +--------+--------+--------+--------+--------+-----+--------+
         Total |   7506 |   7377 |    129 |   1874 |   3309 |   8 |  938.2 |
       Dungeon |   6807 |   6678 |    129 |   1462 |   3301 |   6 | 1134.5 |
        Temple |     14 |     14 |      0 |      0 |      0 |   1 |   14.0 |
       Ossuary |    684 |    684 |      0 |    412 |      8 |   1 |  684.0 |
               +--------+--------+--------+--------+--------+-----+--------+

Top non-repeatable levels by time:
     D:5: 1490 daAuts
     D:3: 1481 daAuts
     D:1: 1168 daAuts
     D:4: 1100 daAuts
     D:2: 898 daAuts
 Ossuary: 684 daAuts
     D:6: 668 daAuts
  Temple: 14 daAuts
